 Dungeon Crawl Stone Soup version 0.19.5 (webtiles) character file.

180 greprep the Conjurer (level 5, -7/29 HPs)
             Began as a Deep Elf Conjurer on May 2, 2017.
             Mangled by an ogre
             ... wielding a +0 giant club
              (31 damage)
             ... on level 4 of the Dungeon.
             The game lasted 00:11:09 (2444 turns).

greprep the Conjurer (Deep Elf Conjurer)            Turns: 2444, Time: 00:11:09

Health: -7/29      AC:  3    Str:  5    XL:     5   Next: 33%
Magic:  5/12       EV: 13    Int: 21    God:
Gold:   134        SH:  0    Dex: 15    Spells: 3 memorised, 4 levels left

rFire  . . .     SeeInvis .     e - +0 hunting sling
rCold  . . .     Gourm    .     a - +0 robe
rNeg   . . .     Faith    .     (no shield)
rPois  .         Spirit   .     (no helmet)
rElec  .         Reflect  .     (no cloak)
rCorr  .         Harm     .     y - +0 pair of gloves
MR     .....                    (no boots)
Stlth  ++........               (no amulet)
                                (no ring)
                                (no ring)

@: lethally poisoned (-7 -> -12)
A: no striking features
a: no special abilities


You were on level 4 of the Dungeon.
You were not hungry.

You visited 1 branch of the dungeon, and saw 4 of its levels.

You collected 134 gold pieces.

Inventory:

Hand Weapons
 e - a +0 hunting sling (weapon)
Missiles
 g - 7 sling bullets (quivered)
 s - 80 stones
Armour
 a - a +0 robe (worn)
 y - a +0 pair of gloves (worn)
Scrolls
 c - 2 scrolls of teleportation {unknown}
 d - a scroll of random uselessness {unknown}
 f - 2 scrolls of magic mapping {unknown}
 i - 2 scrolls of amnesia {unknown}
 j - a scroll of recharging {unknown}
 l - a scroll of blinking {unknown}
 n - 3 scrolls of identify {unknown}
 o - a scroll of enchant weapon {unknown}
 v - a scroll of remove curse {unknown}
 w - a scroll of immolation {unknown}
 z - 2 scrolls of fog {unknown}
Potions
 h - a potion of agility {unknown}
 k - a potion of flight {unknown}
 m - 2 potions of berserk rage {unknown}
 p - a potion of heal wounds {unknown}
 r - a potion of mutation {unknown}
 t - a potion of ambrosia {unknown}
 u - a potion of might {unknown}
Books
 b - a book of Conjurations

   Spells                             Type                      Level
   a - Magic Dart                     Conjuration                  1
   b - Searing Ray                    Conjuration                  2
   c - Dazzling Spray                 Conjuration/Hexes            3
   d - Fulminant Prism                Conjuration/Hexes            4
   e - Iskenderun's Mystic Blast      Conjuration                  4
   f - Iskenderun's Battlesphere      Conjuration/Charms           5
Comestibles
 q - 2 meat rations
 x - 9 fruits


   Skills:
 * Level 1.4 Fighting
 * Level 2.9 Slings
 - Level 2.4 Dodging
 - Level 2.6 Stealth
 * Level 3.4 Spellcasting
 * Level 5.2 Conjurations


You had 4 spell levels left.
You knew the following spells:

 Your Spells              Type           Power        Failure   Level  Hunger
a - Magic Dart            Conj           ####         1%          1    None
b - Searing Ray           Conj           ####..       1%          2    ##.....
c - Dazzling Spray        Conj/Hex       ##....       17%         3    ###....


Dungeon Overview and Level Annotations

Branches:
Dungeon (4/15)
 Temple: D:4-7

Altars:
The Shining One


Message History

Aiming: Searing Ray
Press: ? - help, Shift-Dir - straight line, f - ogre, p - worker ant
Aim: an ogre, wielding a giant club The searing ray hits the worker ant.
The worker ant is heavily wounded. (Press . to maintain the ray.)
The worker ant misses you. The worker ant barely misses you.
The searing ray hits the worker ant.
The worker ant is almost dead.
The worker ant bites you.
You are poisoned.
The worker ant poisons you!
The searing ray hits the worker ant.
You kill the worker ant!
You feel sick.
The searing ray hits the ogre.
The ogre is moderately wounded.
You finish channeling your searing ray.
The ogre hits you with a giant club!!
Ouch! That really hurt!
You die...

####### ########### .......
##..........
.......############.......#####
.............O@.........<......
.......#############......#####
....... #......# .......
#......# ....... ########
....... #######


You could see an ogre.

Vanquished Creatures
  Jessica (D:2)
  A worker ant (D:4)
  5 adders
  3 worms (D:2)
  7 dart slugs
  An orc (D:3)
  A ball python (D:1)
  11 bats
  3 giant cockroaches
  6 goblins
  6 hobgoblins
  5 jackals (D:1)
  A quokka (D:3)
  3 frilled lizards
  7 kobolds
  4 rats
65 creatures vanquished.

Notes
Turn   | Place    | Note
-------+----------+-------------------------------------------
     0 | D:1      | greprep the Deep Elf Conjurer began the quest for the Orb.
     0 | D:1      | Reached XP level 1. HP: 10/10 MP: 6/6
   304 | D:1      | Reached XP level 2. HP: 15/15 MP: 8/8
   354 | D:1      | Reached skill level 5 in Conjurations
   597 | D:1      | Reached XP level 3. HP: 20/20 MP: 9/9
   601 | D:1      | Learned a level 2 spell: Searing Ray
   762 | D:1      | Reached skill level 1 in Slings
  1228 | D:2      | Noticed Jessica
  1230 | D:2      | Killed Jessica
  1230 | D:2      | Reached skill level 1 in Fighting
  1230 | D:2      | Reached XP level 4. HP: 25/25 MP: 7/10
  1235 | D:2      | Learned a level 3 spell: Dazzling Spray
  1893 | D:3      | Found a glowing golden altar of the Shining One.
  2097 | D:3      | Reached XP level 5. HP: 29/29 MP: 5/12
  2431 | D:4      | Noticed an ogre
  2444 | D:4      | Mangled by an ogre

Skill      XL: |  1  2  3  4 |
---------------+-------------+-----
Conjurations   | 5 |  5.2
Slings         | 1 2 |  2.9
Fighting       | 1 |  1.4
Dodging        | |  2.4
Stealth        | |  2.6
Spellcasting   | |  3.4

Action                   |  1- 3 |  4- 6 || total
-------------------------+-------+-------++-------
Melee: Unarmed           |     1 |       ||     1
 Fire: Hunting sling     |    70 |    23 ||    93
 Cast: Magic Dart        |    32 |    51 ||    83
       Searing Ray       |     2 |     1 ||     3
  Eat: Bread ration      |       |     1 ||     1
Armor: Robe              |     4 |       ||     4
Dodge: Dodged            |    22 |     9 ||    31
